 Dungeon Sprint DCSS version 0.23.0-38-g208d714 (webtiles) character file.

Game seed: 5976901787893635923

59602 nuthulu the Acrobat (level 14, -2/140 HPs)
             Began as a Merfolk Gladiator on Feb 27, 2019.
             Was the Champion of Yredelemnul.
             Killed by the air
             ... invoked by a spriggan air mage
              (32 damage)
             ... in the Dungeon (Sprint V: "Ziggurat Sprint").
             The game lasted 00:16:35 (2431 turns).

nuthulu the Acrobat (Merfolk Gladiator)             Turns: 2431, Time: 00:16:35

Health: -2/140     AC: 39    Str: 31    XL:     14   Next: 95%
Magic:  1/23       EV: 18    Int: 12    God:    Yredelemnul [******]
Gold:   0          SH: 34    Dex: 20    Spells: 13/13 levels left

rFire    + . .     SeeInvis .   G - +15 lance "Wyrmbane" {slay drac, rPois rF+ rC+ AC+3}
rCold    + . .     Gourm    .   I - +18 shield of the Gong {rElec rN+ MR+ EV-5}
rNeg     + + +     Faith    .   H - +15 Maxwell's patent armour {-Cast -Tele rElec MR+ rCorr}
rPois    +         Spirit   .   c - +0 helmet
rElec    +         Reflect  .   (no cloak)
rCorr    +         Harm     .   (no gloves)
MR       +++..     NoTele   +   U - +2 pair of boots {Fly} Stlth ..........NoCast +
                                J - macabre finger necklace {rN+}
HPRegen  0.33/turn              E - +6 ring of strength
MPRegen  0.18/turn              F - +6 ring of strength
                                L - ring of Understanding {+Blink rN+ Int+4 Dex+5}

@: afraid, grasped by roots, flying, wreathed by umbra, constricted, studying 4
skills
A: change form in water, swift swim, stealthy swim
a: Recall Undead Slaves, Injury Mirror, Animate Dead, Drain Life, Enslave Soul,
Renounce Religion, Evoke Blink, Stop Flying


You were in the Dungeon.
You worshipped Yredelemnul.
Yredelemnul was exalted by your worship.
You were not hungry.

You visited 1 branch

Inventory:

Hand Weapons
 a - a +0 trident
 G - the +15 lance "Wyrmbane" (weapon) {slay drac, rPois rF+ rC+ AC+3}
   (You found it in the Dungeon)

   It affects your AC (+3).
   It protects you from fire.
   It protects you from cold.
   It protects you from poison.
Missiles
 d - 3 throwing nets (quivered)
Armour
 b - a +0 leather armour
 c - a +0 helmet (worn)
 H - the +15 Maxwell's patent armour (worn) {-Cast -Tele rElec MR+ rCorr}
   (You found it in the Dungeon)

   It insulates you from electricity.
   It affects your resistance to hostile enchantments.
   It prevents spellcasting.
   It prevents most forms of teleportation.
   It provides partial protection from all sources of acid and corrosion.
 I - the +18 shield of the Gong (worn) {rElec rN+ MR+ EV-5}
   (You found it in the Dungeon)

   It affects your evasion (-5).
   It insulates you from electricity.
   It protects you from negative energy.
   It affects your resistance to hostile enchantments.
 P - a +0 pair of boots of stealth
 U - a +2 pair of boots of flying (worn)
Jewellery
 A - a +6 ring of dexterity
 B - a +6 ring of dexterity
 C - a +6 ring of intelligence
 D - a +6 ring of intelligence
 E - a +6 ring of strength (left hand)
 F - a +6 ring of strength (right hand)
 J - the macabre finger necklace (around neck) {rN+}
   (You found it in the Dungeon)

   [amulet of nothing]

   It protects you from negative energy.
 L - the ring of Understanding (on amulet) {+Blink rN+ Int+4 Dex+5}
   (You found it in the Dungeon)

   [ring of dexterity]

   It affects your intelligence (+4).
   It affects your dexterity (+5).
   It protects you from negative energy.
   It lets you blink.
 M - a +3 ring of dexterity
 O - a +2 ring of intelligence
 R - the ring "Akain" {rC+ SInv}
   (You took it off a vault guard in the Dungeon)

   [ring of see invisible]

   It protects you from cold.
   It lets you see invisible.
 S - an uncursed amulet of magic regeneration
Wands
 x - a wand of disintegration (7)
 y - a wand of iceblast (7)
 z - a wand of acid (7)
Scrolls
 k - 4 scrolls of blinking
 o - 2 scrolls of brand weapon
 r - 4 scrolls of amnesia
 s - 7 scrolls of fog
 t - a scroll of holy word
 u - 5 scrolls of identify
 v - 5 scrolls of remove curse
 w - 2 scrolls of fear
Potions
 e - 10 potions of curing
 g - 7 potions of heal wounds
 h - 5 potions of haste
 i - 7 potions of magic
 j - 3 potions of berserk rage
 l - 2 potions of brilliance
 m - 2 potions of invisibility
 n - 3 potions of resistance
 p - 5 potions of agility
 q - 4 potions of might
Books
 K - a manual of Earth Magic
 N - a manual of Crossbows
 Q - a manual of Maces & Flails
 T - a manual of Fighting
Comestibles
 f - 5 rations


   Skills:
 + Level 22.1 Fighting
 - Level 18.2 Polearms
 - Level 2.0 Throwing
 + Level 13.6 Armour
 + Level 24.3 Dodging
 + Level 17.0 Shields
 - Level 12.1 Invocations


You had 13 spell levels left.
You didn't know any spells.
Your spell library was empty.

Dungeon Overview and Level Annotations

Branches:
Dungeon (1/1)

Altars:
Ashenzari
Cheibriados
Dithmenos
Elyvilon
Fedhas
Gozag
Hepliaklqana
Kikubaaqudgha
Makhleb
Nemelex Xobeh
Okawaru
Qazlal
Ru
Sif Muna
Trog
Uskayaw
Vehumet
Wu Jian
Xom
Yredelemnul
Zin
The Shining One
Beogh
Jiyva
Lugonu


Message History

The bolt of lightning misses you. The bolt of lightning hits your ghoul!!
Unknown command.
You impale the spriggan air mage!!
The spriggan air mage is almost dead.
Your profane servitor hits the dire elephant with a +1 whip!
Your profane servitor draws strength from the dire elephant's injuries!
Your profane servitor hits the dire elephant but does no damage.
A wolf spider comes into view.
Your phantasmal warrior blinks!
The polar bear rages.
The spriggan defender hits your bone dragon with a +1 lajatang of electrocution!!
Your bone dragon is destroyed!
The grasping roots constrict you.
The satyr shoots an arrow.
The arrow misses your vampire. The arrow hits your skeletal warrior!!
You block the spriggan berserker's attack.
PANG!
The spriggan air mage waves its arms in wide circles.
The air twists around and violently strikes you in flight!
You die...
Your body rises from the dead as a mindless zombie. ▓......8 ▓...:)s=[§"[))s.. ▓..:)|)} ▓..§...W.Y....... ▓..)[.). ▓.....Y..ii...... ▓...z.." ▓....)hYfiY...... ▓.....VV ▓.○.VfciiiiiiW...

▓.......
▓.....)YYiifh....
▓.......
▓.....YA.iiiY....
▓.......
▓.....cVz@§z.....
▓.......
▓.....z.nV.......
▓.......
▓......V..W......
▓...▓...
▓...▓.........▓..
▓..▓▓▓..
▓......P.....P.P.
▓...▓...


▓...PPPPPPP.P.PP. ....... ▓..P..PPPP.P....P ▓....... ▓▓▓▓▓▓▓▓▓▓▓▓▓▓▓▓ ▓▓▓▓▓▓▓▓
......8 You could see 3 dire elephants, 2 thorn hunters, a shambling mangrove, 2
death yaks, 3 elephants, a spriggan defender (unaware), 2 satyrs, 2 wolf
spiders, 5 spriggan berserkers, 6 spriggan air magi, 2 polar bears, 2 spriggan
druids, a friendly profane servitor, a friendly ghoul, a friendly vampire
knight, 3 friendly skeletal warriors, a friendly flayed ghost, 2 friendly
phantasmal warriors and 3 friendly vampires.

Vanquished Creatures
  3 quicksilver dragons (D)
  A shadow dragon (D)
  3 spriggan defenders (D)
  2 deep elf annihilators (D)
  A merfolk impaler (D)
  A fire dragon (D)
  A deep elf high priest (D)
  A yaktaur captain (D)
  4 ice dragons (D)
  8 vault guards (D)
  An iron golem (D)
  A sea snake (D)
  A deep elf archer (D)
  A wolf spider (D)
  An ugly thing (D)
  2 deep elf magi (D)
  3 cyclopes (D)
  A manticore (D)
  A gargoyle (D)
  A rime drake (D)
  A freezing wraith (D)
  3 yaktaurs (D)
  4 merfolk (D)
  A jumping spider (D)
  A meliai (shapeshifter) (D)
  3 slime creatures (D)
  Sigmund (D)
  A fire elemental (D)
  A fire bat (shapeshifter) (D)
  A steam dragon (D)
  An acid dragon (shapeshifter) (D)
  2 hell hounds (D)
  Duvessa (D)
  A swamp drake (D)
  An orc warrior (D)
  An eye of draining (D)
  An ogre (shapeshifter) (D)
  A centaur (D)
  An earth elemental (D)
  Dowan (D)
  A quasit (D)
  2 jellies (D)
  An orc wizard (D)
  Crazy Yiuf (D)
  An iron imp (D)
  Jessica (D)
  Ijyb (D)
  A white imp (D)
  2 ufetubi (D)
  An ooze (D)
  A spectral adder (D)
  A giant cockroach zombie (D)
  A butterfly (D)
81 creatures vanquished.

Vanquished Creatures (collateral kills)
  An Ice Fiend (D)
  A lich (D)
  A deep elf master archer (D)
  2 acid blobs (D)
  4 frost giants (D)
  An azure jelly (D)
  A deep elf sorcerer (D)
  3 spriggan defenders (D)
  A ghoul (D)
  An entropy weaver (D)
  A deep elf demonologist (D)
  Azrael (D)
  A deep elf annihilator (D)
  4 blizzard demons (D)
  3 crystal guardians (D)
  A deep elf death mage (D)
  2 death oozes (D)
  2 great orbs of eyes (D)
  2 spriggan air magi (D)
  5 ice dragons (D)
  11 vault guards (D)
  2 dancing weapons (D)
  Nergalle (D)
  A deep elf knight (D)
  2 spriggan berserkers (D)
  3 soul eaters (D)
  3 iron golems (D)
  A glowing orange brain (D)
  A flayed ghost (D)
  A deep elf archer (D)
  Pikel (D)
  An orb spider (D)
  A deep elf mage (D)
  3 manticores (D)
  3 shining eyes (D)
  A rust devil (D)
  A hellion (D)
  Psyche (D)
  A gargoyle (D)
  3 rime drakes (D)
  2 demonic crawlers (D)
  3 freezing wraiths (D)
  An ice devil (D)
  3 merfolk (D)
  A jumping spider (D)
  A wind drake (D)
  A hornet (D)
  2 polar bears (D)
  Prince Ribbit (D)
  8 slime creatures (D)
  4 tarantellas (D)
  2 snapping turtles (D)
  3 redbacks (D)
  2 wraiths (D)
  A shadow (D)
  A wyvern (D)
  2 vampires (D)
  Eustachio (D)
  A steam dragon (D)
  2 fire elementals (D)
  2 golden eyes (D)
  Menkaure (D)
  A large abomination (D)
  A hell hound (D)
  An acid dragon (D)
  3 orc warriors (D)
  An ice beast (D)
  A necrophage (D)
  Blork the orc (D)
  7 earth elementals (D)
  A wight (D)
  An iron imp (D)
  3 jellies (D)
  An orc wizard (D)
  2 shadow imps (D)
  A white imp (D)
  A spectral adder (D)
  2 adder simulacra (D)
  3 orcs (D)
  2 bat zombies (D)
  A giant cockroach zombie (D)
  A leopard gecko skeleton (D)
  A quokka skeleton (D)
  2 spectral ball pythons (D)
  2 spectral quokkas (D)
  A fire vortex (D)
166 creatures vanquished.

Vanquished Creatures (others)
  A bone dragon (D)
  A frost giant (D)
  5 ghouls (D)
  5 vampire knights (D)
  A deep elf annihilator (D)
  6 skeletal warriors (D)
  7 flayed ghosts (D)
  3 phantasmal warriors (D)
  15 flying skulls (D)
  4 vampires (D)
  2 wyverns (D)
  3 mummies (D)
  A white imp (D)
  3 fire vortices (D)
57 creatures vanquished.

Grand Total: 304 creatures vanquished

Notes
Turn   | Place    | Note
-------+----------+-------------------------------------------
     0 | D        | Found the +6 Majin-Bo {vamp, Archmagi MP+6 Int+6}
     0 | D        | Found the +7 great mace "Firestarter" {inner flame, rF++}
     0 | D        | nuthulu the Merfolk Gladiator began the quest for the Orb.
     0 | D        | Reached XP level 1. HP: 16/16 MP: 1/1
     0 | D        | Found a deep blue altar of Sif Muna.
     0 | D        | Found a sacrificial altar of Ru.
     0 | D        | Found a bloodstained altar of Trog.
     0 | D        | Found a stormy altar of Qazlal.
     0 | D        | Found an iron altar of Okawaru.
     0 | D        | Found a sparkling altar of Nemelex Xobeh.
     0 | D        | Found a blossoming altar of Fedhas.
     2 | D        | Found a transporter.
     2 | D        | Found an ancient bone altar of Kikubaaqudgha.
     2 | D        | Found a viscous altar of Jiyva.
     2 | D        | Found a corrupted altar of Lugonu.
     2 | D        | Found a hazy altar of Hepliaklqana.
     2 | D        | Found a burning altar of Makhleb.
     2 | D        | Found an opulent altar of Gozag.
    17 | D        | Found the +9 heavy crossbow "Sniper" {velocity, Acc+∞ SInv}
    17 | D        | Found the +10 dark maul {crush}
    17 | D        | Found the +15 Maxwell's patent armour {-Cast -Tele rElec
                  | MR+ rCorr}
    17 | D        | Found the +18 shield of the Gong {rElec rN+ MR+ EV-5}
    17 | D        | Found the cursed +14 obsidian axe {chop, +Fly SInv *Curse}
    18 | D        | Found the +6 shillelagh "Devastator" {shatter}
    18 | D        | Found the +11 plutonium sword {*Contam Stlth-}
    18 | D        | Found the +8 lance "Wyrmbane" {slay drac, rPois rF+ rC+
                  | AC+3}
    18 | D        | Found the +9 sword of Zonguldrok {reap}
    18 | D        | Found the cursed +13 scythe of Curses {drain, *Curse}
    18 | D        | Found the +0 sword of Power
    18 | D        | Found the +7 mace of Variability {chain chaos}
    18 | D        | Found the +7 Singing Sword {slice, sonic wave}
    18 | D        | Found the +7 longbow "Piercer" {penet, EV-2}
    44 | D        | Reached XP level 2. HP: 22/22 MP: 2/2
    53 | D        | Became a worshipper of Yredelemnul the Dark
    66 | D        | Entered arena 2.
    66 | D        | Noticed a slime creature
    66 | D        | Found a transporter.
    67 | D        | Reached skill level 5 in Dodging
    67 | D        | Reached XP level 3. HP: 29/29 MP: 3/3
    71 | D        | Killed a slime creature
    71 | D        | Reached skill level 8 in Dodging
    71 | D        | Reached XP level 4. HP: 41/41 MP: 4/4
    71 | D        | Reached XP level 5. HP: 47/47 MP: 5/5
    77 | D        | Entered arena 3.
    77 | D        | Noticed a hell hound
    77 | D        | Found a transporter.
    85 | D        | Killed a hell hound
    85 | D        | Reached * piety under Yredelemnul
    85 | D        | Reached skill level 9 in Dodging
    85 | D        | Reached XP level 6. HP: 45/56 MP: 6/6
   153 | D        | Entered arena 4.
   153 | D        | Noticed a merfolk
   153 | D        | Noticed a merfolk
   153 | D        | Noticed a merfolk
   153 | D        | Noticed a merfolk
   153 | D        | Found a transporter.
   154 | D        | Found the macabre finger necklace {rN+}
   173 | D        | Killed a merfolk
   173 | D        | Reached ** piety under Yredelemnul
   173 | D        | Reached skill level 15 in Polearms
   173 | D        | Reached skill level 11 in Dodging
   173 | D        | Reached XP level 7. HP: 37/64 MP: 7/7
   181 | D        | Killed a merfolk
   183 | D        | Killed a merfolk
   183 | D        | Reached skill level 10 in Fighting
   183 | D        | Reached skill level 12 in Dodging
   183 | D        | Reached XP level 8. HP: 44/73 MP: 8/8
   187 | D        | Killed a merfolk
   187 | D        | Reached *** piety under Yredelemnul
   354 | D        | Entered arena 5.
   354 | D        | Noticed a slime creature
   354 | D        | Found a transporter.
   365 | D        | Killed a slime creature
   365 | D        | Reached skill level 13 in Dodging
   365 | D        | Received a gift from Yredelemnul (a mummy)
   435 | D        | Entered arena 6.
   435 | D        | Noticed a troll
   435 | D        | Noticed a brown ugly thing
   435 | D        | Found a transporter.
   443 | D        | Reached **** piety under Yredelemnul
   443 | D        | Received a gift from Yredelemnul (a mummy)
   445 | D        | Reached XP level 9. HP: 63/81 MP: 9/9
   446 | D        | Noticed a meliai
   446 | D        | a troll changed into a meliai
   448 | D        | Killed a meliai
   459 | D        | Killed a brown ugly thing
   459 | D        | Reached skill level 14 in Dodging
   464 | D        | Received a gift from Yredelemnul (a mummy)
   547 | D        | Entered arena 7.
   547 | D        | Noticed a cyclops
   547 | D        | Noticed a cyclops
   547 | D        | Noticed a yaktaur captain
   547 | D        | Noticed a cyclops
   547 | D        | Noticed a yaktaur
   548 | D        | Identified the +9 scimitar "Soicw" {slice, rF+++ Int-2
                  | Dex+6}
   548 | D        | Found a transporter.
   567 | D        | Killed a yaktaur captain
   567 | D        | Reached skill level 15 in Dodging
   568 | D        | Killed a cyclops
   568 | D        | Reached XP level 10. HP: 32/92 MP: 10/10
   575 | D        | Killed a cyclops
   575 | D        | Reached ***** piety under Yredelemnul
   575 | D        | Received a gift from Yredelemnul (a wraith)
   580 | D        | Killed a cyclops
   580 | D        | Reached skill level 16 in Dodging
   580 | D        | Reached skill level 5 in Shields
   584 | D        | Received a gift from Yredelemnul (2 flying skulls)
   587 | D        | Reached skill level 1 in Invocations
   795 | D        | Entered arena 8.
   795 | D        | Noticed Sigmund
   795 | D        | Noticed Jessica
   795 | D        | Noticed Blork the orc
   795 | D        | Noticed Crazy Yiuf
   795 | D        | Noticed Dowan
   795 | D        | Noticed Duvessa
   796 | D        | Found a transporter.
   801 | D        | Killed Crazy Yiuf
   806 | D        | Killed Duvessa
   809 | D        | Killed Dowan
   809 | D        | Received a gift from Yredelemnul (3 flying skulls)
   809 | D        | Received a gift from Yredelemnul (a vampire)
   811 | D        | Killed Blork the orc
   813 | D        | Killed Jessica
   818 | D        | Killed Sigmund
   824 | D        | Entered arena 9.
   829 | D        | Found a transporter.
   832 | D        | Reached ****** piety under Yredelemnul
   894 | D        | Entered arena 10.
   895 | D        | Found a transporter.
   901 | D        | Received a gift from Yredelemnul (3 flying skulls)
   901 | D        | Received a gift from Yredelemnul (4 flying skulls)
   912 | D        | Got the ring of Understanding {+Blink rN+ Int+4 Dex+5}
   951 | D        | Entered arena 11.
   952 | D        | Identified the +9 war axe of Domination {holy, +Rage rN+
                  | Int+4 Dex-4}
   952 | D        | Found a transporter.
   958 | D        | Received a gift from Yredelemnul (a vampire)
   968 | D        | Entered arena 12.
   968 | D        | Noticed a rust devil
   972 | D        | Noticed a hellion
   973 | D        | Reached skill level 5 in Armour
   974 | D        | Received a gift from Yredelemnul (a flayed ghost)
   979 | D        | Found a transporter.
   983 | D        | Received a gift from Yredelemnul (4 flying skulls)
   985 | D        | Killed a hellion
   986 | D        | Received a gift from Yredelemnul (a vampire knight)
   986 | D        | Received a gift from Yredelemnul (a skeletal warrior)
   986 | D        | Received a gift from Yredelemnul (a flayed ghost)
   988 | D        | Killed a rust devil
  1115 | D        | Entered arena 13.
  1115 | D        | Noticed Psyche
  1115 | D        | Noticed Menkaure
  1115 | D        | Noticed Eustachio
  1115 | D        | Noticed Ijyb
  1115 | D        | Noticed Prince Ribbit
  1115 | D        | Noticed Nergalle
  1116 | D        | Noticed Azrael
  1116 | D        | Noticed Pikel
  1123 | D        | Found a transporter.
  1125 | D        | Killed Psyche
  1129 | D        | Killed Menkaure
  1129 | D        | Reached skill level 5 in Invocations
  1129 | D        | Killed Pikel
  1129 | D        | Reached XP level 11. HP: 60/101 MP: 14/14
  1130 | D        | Received a gift from Yredelemnul (a skeletal warrior)
  1130 | D        | Received a gift from Yredelemnul (a vampire knight)
  1130 | D        | Killed Nergalle
  1133 | D        | Killed Ijyb
  1136 | D        | Killed Eustachio
  1136 | D        | Reached skill level 17 in Dodging
  1140 | D        | Killed Azrael
  1140 | D        | Killed Prince Ribbit
  1289 | D        | Entered arena 14.
  1290 | D        | Noticed a manticore
  1290 | D        | Noticed a merfolk impaler
  1290 | D        | Noticed a manticore
  1290 | D        | Noticed a manticore
  1290 | D        | Noticed a manticore
  1291 | D        | Noticed a sea snake
  1299 | D        | Killed a merfolk impaler
  1302 | D        | Killed a manticore
  1303 | D        | Received a gift from Yredelemnul (a ghoul)
  1303 | D        | Received a gift from Yredelemnul (a flayed ghost)
  1306 | D        | Found a transporter.
  1309 | D        | Killed a manticore
  1310 | D        | Received a gift from Yredelemnul (a phantasmal warrior)
  1310 | D        | Received a gift from Yredelemnul (a vampire)
  1310 | D        | Received a gift from Yredelemnul (a vampire)
  1313 | D        | Killed a sea snake
  1313 | D        | Reached skill level 15 in Fighting
  1314 | D        | Killed a manticore
  1315 | D        | Received a gift from Yredelemnul (a flayed ghost)
  1319 | D        | Killed a manticore
  1434 | D        | Entered arena 15.
  1435 | D        | Noticed an ice dragon
  1435 | D        | Noticed an ice dragon
  1435 | D        | Noticed an ice dragon
  1435 | D        | Noticed an ice dragon
  1436 | D        | Noticed a fire dragon
  1437 | D        | Found a transporter.
  1442 | D        | Killed an ice dragon
  1442 | D        | Received a gift from Yredelemnul (a vampire knight)
  1444 | D        | Reached skill level 18 in Dodging
  1446 | D        | Received a gift from Yredelemnul (a vampire knight)
  1450 | D        | Killed an ice dragon
  1451 | D        | Killed an ice dragon
  1451 | D        | Received a gift from Yredelemnul (a vampire)
  1453 | D        | Killed a fire dragon
  1458 | D        | Killed an ice dragon
  1498 | D        | Entered arena 16.
  1499 | D        | Noticed a soul eater
  1499 | D        | Noticed a soul eater
  1500 | D        | Noticed a soul eater
  1500 | D        | Noticed a shadow dragon
  1500 | D        | Noticed a ghoul
  1502 | D        | Found a transporter.
  1503 | D        | Received a gift from Yredelemnul (a phantasmal warrior)
  1503 | D        | Received a gift from Yredelemnul (a vampire knight)
  1511 | D        | Killed a ghoul
  1511 | D        | Reached skill level 10 in Shields
  1511 | D        | Reached XP level 12. HP: 104/111 MP: 18/18
  1515 | D        | Received a gift from Yredelemnul (a bone dragon)
  1515 | D        | Killed a soul eater
  1517 | D        | Killed a soul eater
  1517 | D        | Killed a soul eater
  1520 | D        | Received a gift from Yredelemnul (a skeletal warrior)
  1522 | D        | Killed a shadow dragon
  1528 | D        | Entered arena 17.
  1532 | D        | Noticed an entropy weaver
  1535 | D        | Reached skill level 10 in Invocations
  1536 | D        | Received a gift from Yredelemnul (a ghoul)
  1538 | D        | Reached skill level 19 in Dodging
  1544 | D        | Received a gift from Yredelemnul (a ghoul)
  1544 | D        | Received a gift from Yredelemnul (a bone dragon)
  1544 | D        | Received a gift from Yredelemnul (a skeletal warrior)
  1544 | D        | Received a gift from Yredelemnul (a vampire)
  1544 | D        | Received a gift from Yredelemnul (a phantasmal warrior)
  1544 | D        | Received a gift from Yredelemnul (a profane servitor)
  1544 | D        | Found a transporter.
  1546 | D        | Killed an entropy weaver
  1567 | D        | Entered arena 18.
  1570 | D        | Noticed a crystal guardian
  1570 | D        | Noticed a quicksilver dragon
  1570 | D        | Noticed an iron golem
  1570 | D        | Noticed an iron golem
  1570 | D        | Noticed a quicksilver dragon
  1570 | D        | Noticed a quicksilver dragon
  1570 | D        | Noticed an iron golem
  1570 | D        | Noticed an iron golem
  1570 | D        | Noticed a crystal guardian
  1571 | D        | Found the +8 autumn katana {slice, Clar}
  1571 | D        | Noticed a crystal guardian
  1578 | D        | Killed a quicksilver dragon
  1579 | D        | Killed a quicksilver dragon
  1580 | D        | Found a transporter.
  1581 | D        | Received a gift from Yredelemnul (a flayed ghost)
  1582 | D        | Killed a quicksilver dragon
  1583 | D        | Killed a crystal guardian
  1584 | D        | Received a gift from Yredelemnul (a skeletal warrior)
  1585 | D        | Killed a crystal guardian
  1585 | D        | Reached skill level 20 in Dodging
  1587 | D        | Killed a crystal guardian
  1587 | D        | Reached XP level 13. HP: 69/120 MP: 21/21
  1588 | D        | Received a gift from Yredelemnul (a vampire knight)
  1588 | D        | Received a gift from Yredelemnul (a phantasmal warrior)
  1591 | D        | Received a gift from Yredelemnul (a vampire knight)
  1592 | D        | Received a gift from Yredelemnul (a skeletal warrior)
  1593 | D        | Received a gift from Yredelemnul (a phantasmal warrior)
  1593 | D        | Received a gift from Yredelemnul (a vampire knight)
  1597 | D        | Received a gift from Yredelemnul (a skeletal warrior)
  1597 | D        | Received a gift from Yredelemnul (a vampire)
  1753 | D        | Entered arena 19.
  1756 | D        | Noticed a deep elf annihilator
  1756 | D        | Noticed a deep elf master archer
  1756 | D        | Noticed a deep elf annihilator
  1756 | D        | Noticed a deep elf annihilator
  1756 | D        | Noticed a deep elf high priest
  1756 | D        | Noticed a deep elf death mage
  1756 | D        | Noticed a deep elf demonologist
  1757 | D        | Found the +8 longbow "Zephyr" {speed, Dex+3 SInv}
  1757 | D        | Found the +8 arc blade {discharge, rElec}
  1757 | D        | Noticed a deep elf annihilator
  1759 | D        | Noticed a deep elf sorcerer
  1762 | D        | Killed a deep elf annihilator
  1763 | D        | Killed a deep elf high priest
  1763 | D        | Reached skill level 10 in Armour
  1763 | D        | Received a gift from Yredelemnul (a skeletal warrior)
  1763 | D        | Killed a deep elf death mage
  1763 | D        | Killed a deep elf annihilator
  1764 | D        | Killed a deep elf annihilator
  1764 | D        | Received a gift from Yredelemnul (a flayed ghost)
  1764 | D        | Killed a deep elf master archer
  1764 | D        | Reached skill level 21 in Dodging
  1766 | D        | Received a gift from Yredelemnul (a vampire knight)
  1766 | D        | Received a gift from Yredelemnul (a flayed ghost)
  1766 | D        | Killed a deep elf annihilator
  1766 | D        | Killed a deep elf demonologist
  1767 | D        | Found a transporter.
  1767 | D        | Killed a deep elf sorcerer
  1768 | D        | Received a gift from Yredelemnul (a phantasmal warrior)
  1770 | D        | Received a gift from Yredelemnul (a vampire knight)
  1799 | D        | Entered arena 20.
  1804 | D        | Noticed a vault guard
  1804 | D        | Noticed a vault guard
  1804 | D        | Noticed a lich
  1804 | D        | Noticed a vault guard
  1804 | D        | Noticed a vault guard
  1804 | D        | Noticed a vault guard
  1804 | D        | Noticed a vault guard
  1804 | D        | Noticed a vault guard
  1804 | D        | Noticed a vault guard
  1804 | D        | Noticed a vault guard
  1804 | D        | Noticed a vault guard
  1804 | D        | Noticed a vault guard
  1804 | D        | Noticed a vault guard
  1804 | D        | Noticed a vault guard
  1806 | D        | Noticed a cacodemon
  1806 | D        | Identified the ring "Akain" {rC+ SInv}
  1806 | D        | Noticed a vault guard
  1806 | D        | Noticed a vault guard
  1807 | D        | Noticed a vault guard
  1807 | D        | Noticed a vault guard
  1807 | D        | Identified the +9 mace "Quehae" {vamp, rF+ Int-2 Stlth+}
  1807 | D        | Noticed a vault guard
  1808 | D        | Identified the cursed +0 flail of Floods {drain, rC++ SInv}
  1808 | D        | Noticed a vault guard
  1813 | D        | Killed a vault guard
  1813 | D        | Received a gift from Yredelemnul (a skeletal warrior)
  1814 | D        | Noticed a Tzitzimitl
  1815 | D        | Killed a vault guard
  1818 | D        | Killed a vault guard
  1818 | D        | Killed a vault guard
  1818 | D        | Killed a vault guard
  1818 | D        | Received a gift from Yredelemnul (a flayed ghost)
  1818 | D        | Received a gift from Yredelemnul (a skeletal warrior)
  1818 | D        | Killed a vault guard
  1818 | D        | Killed a vault guard
  1819 | D        | Killed a vault guard
  1819 | D        | Reached skill level 22 in Dodging
  1820 | D        | Killed a vault guard
  1821 | D        | Received a gift from Yredelemnul (a skeletal warrior)
  1821 | D        | Received a gift from Yredelemnul (a vampire)
  1821 | D        | Killed a vault guard
  1822 | D        | Killed a vault guard
  1823 | D        | Noticed a Tzitzimitl
  1823 | D        | Killed a vault guard
  1823 | D        | Reached XP level 14. HP: 89/133 MP: 2/23
  1824 | D        | Received a gift from Yredelemnul (a phantasmal warrior)
  1824 | D        | Killed a lich
  1825 | D        | Received a gift from Yredelemnul (a flayed ghost)
  1826 | D        | Reached skill level 15 in Shields
  1828 | D        | Found a transporter.
  2035 | D        | Entered arena 21.
  2035 | D        | Noticed an acid blob
  2035 | D        | Killed an acid blob
  2036 | D        | Received a gift from Yredelemnul (a skeletal warrior)
  2036 | D        | Noticed an azure jelly
  2037 | D        | Noticed an acid blob
  2038 | D        | Received a gift from Yredelemnul (a ghoul)
  2041 | D        | Received a gift from Yredelemnul (a ghoul)
  2041 | D        | Received a gift from Yredelemnul (a vampire)
  2047 | D        | Received a gift from Yredelemnul (a vampire knight)
  2047 | D        | Received a gift from Yredelemnul (a vampire)
  2047 | D        | Received a gift from Yredelemnul (a vampire)
  2047 | D        | Killed an azure jelly
  2047 | D        | Killed an acid blob
  2052 | D        | Received a gift from Yredelemnul (a phantasmal warrior)
  2052 | D        | Received a gift from Yredelemnul (a flayed ghost)
  2052 | D        | Reached skill level 23 in Dodging
  2056 | D        | Received a gift from Yredelemnul (a flayed ghost)
  2059 | D        | Found a transporter.
  2090 | D        | Entered arena 22.
  2094 | D        | Noticed a frost giant
  2094 | D        | Noticed a frost giant
  2095 | D        | Noticed a frost giant
  2095 | D        | Noticed a frost giant
  2095 | D        | Noticed a frost giant
  2096 | D        | Noticed an Ice Fiend
  2100 | D        | Received a gift from Yredelemnul (a skeletal warrior)
  2100 | D        | Received a gift from Yredelemnul (a phantasmal warrior)
  2103 | D        | Received a gift from Yredelemnul (a flayed ghost)
  2103 | D        | Received a gift from Yredelemnul (a ghoul)
  2106 | D        | Killed a frost giant
  2106 | D        | Killed a frost giant
  2107 | D        | Received a gift from Yredelemnul (a vampire)
  2107 | D        | Received a gift from Yredelemnul (a skeletal warrior)
  2107 | D        | Received a gift from Yredelemnul (a ghoul)
  2107 | D        | Received a gift from Yredelemnul (a vampire)
  2108 | D        | Killed a frost giant
  2111 | D        | Received a gift from Yredelemnul (a flayed ghost)
  2111 | D        | Received a gift from Yredelemnul (a phantasmal warrior)
  2111 | D        | Received a gift from Yredelemnul (a vampire)
  2111 | D        | Killed a frost giant
  2114 | D        | Received a gift from Yredelemnul (a ghoul)
  2114 | D        | Found a transporter.
  2114 | D        | Killed a frost giant
  2115 | D        | Received a gift from Yredelemnul (a ghoul)
  2115 | D        | Received a gift from Yredelemnul (a skeletal warrior)
  2115 | D        | Received a gift from Yredelemnul (a ghoul)
  2117 | D        | Killed an Ice Fiend
  2401 | D        | Entered arena 23.
  2407 | D        | Noticed a thorn hunter
  2407 | D        | Noticed a dire elephant
  2407 | D        | Noticed a spriggan defender
  2407 | D        | Noticed a spriggan defender
  2407 | D        | Noticed a dire elephant
  2407 | D        | Noticed a thorn hunter
  2408 | D        | Noticed a spriggan defender
  2409 | D        | Noticed a spriggan defender
  2409 | D        | Noticed a spriggan defender
  2409 | D        | Noticed a spriggan defender
  2410 | D        | Noticed a dire elephant
  2413 | D        | Identified the amulet of the First People {+Inv Regen+
                  | Int+2}
  2413 | D        | Identified the ring of Propriety {rCorr Str+3}
  2413 | D        | Noticed a spriggan defender
  2417 | D        | Killed a spriggan defender
  2417 | D        | Received a gift from Yredelemnul (a skeletal warrior)
  2418 | D        | Killed a spriggan defender
  2419 | D        | Killed a spriggan defender
  2419 | D        | Reached skill level 24 in Dodging
  2419 | D        | Received a gift from Yredelemnul (a ghoul)
  2424 | D        | Killed a spriggan defender
  2428 | D        | Received a gift from Yredelemnul (a vampire)
  2428 | D        | Killed a spriggan defender
  2429 | D        | Killed a spriggan defender
  2429 | D        | Received a gift from Yredelemnul (a flayed ghost)
  2431 | D        | Killed from afar by a spriggan air mage

Skill      XL: |  1  2  3  4  5  6  7  8  9 10 11 12 13 14 |
---------------+-------------------------------------------+-----
Polearms       | 11 13 14 15 16 17 18 | 18.2
Fighting       | 3 6 7 9 10 11 13 14 15 17 19 22 | 22.1
Dodging        | 5 8 9 11 12 13 15 16 18 20 22 24 | 24.3
Armour         | 3 5 7 9 11 13 | 13.6
Shields        | 4 7 10 12 14 17 | 17.0
Invocations    | 5 9 11 12 | 12.1
Throwing       | |  2.0

Action                   |  1- 3 |  4- 6 |  7- 9 | 10-12 | 13-15 || total
-------------------------+-------+-------+-------+-------+-------++-------
Melee: Lance             |     5 |    22 |    69 |   155 |    63 ||   314
Invok: Drain Life        |       |       |       |     1 |     7 ||     8
  Use: Potion            |     1 |     2 |     1 |     1 |     2 ||     7
 Stab: Distracted        |       |       |     1 |     4 |     3 ||     8
       Paralysed         |       |       |       |     2 |       ||     2
  Eat: Ration            |       |       |       |     1 |     1 ||     2
Armor: Plate armour      |       |    11 |    15 |    31 |    11 ||    68
Dodge: Dodged            |       |     4 |     6 |    26 |    16 ||    52
Block: Shield            |     1 |    34 |    64 |   172 |    68 ||   339
